 Dungeon Crawl Stone Soup version 0.31-a0-836-g3ceb0a68c4 (webtiles) character file.

Game seed: 16582160731645918066

11025 porpoise the Slicer (level 11, -14/86 HPs)
             Began as a Demonspawn Gladiator on Sept 27, 2023.
             Was an Initiate of Gozag.
             Demolished by Snorg (15 damage)
             ... on level 10 of the Dungeon.
             The game lasted 00:46:34 (11904 turns).

porpoise the Slicer (Demonspawn Gladiator)         Turns: 11904, Time: 00:46:36

Health: -14/86     AC: 14    Str: 14    XL:     11   Next: 43%
Magic:  11/11      EV: 14    Int: 10    God:    Gozag
Gold:   1380       SH:  5    Dex: 19    Spells: 10/10 levels left

rFire   + + .        a - +2 dagger (elec)
rCold   + . .        (no shield)
rNeg    . . .        d - +3 ring mail {rPois}
rPois   +            c - +0 helmet
rElec   .            p - scarf {rC+ rF+}
rCorr   .            (no gloves)
SInv    .            N - +0 pair of boots
Will    +....        t - amulet of reflection
Stlth   ++           v - ring of willpower
HPRegen 0.34/turn    P - ring of protection from fire
MPRegen 0.12/turn

%: reflection
@: gold aura
A: ignite blood 1, sharp scales 3, weakness stinger 1
a: Renounce Religion, Potion Petition, Call Merchant, Bribe Branch


You were on level 10 of the Dungeon.
You worshipped Gozag.
Gozag was most pleased with you.
You visited 2 branches of the dungeon, and saw 11 of its levels.
You also visited: Sewer.

You collected 1559 gold pieces.
You spent 80 gold pieces at shops.
You paid 99 gold pieces to Gozag.

Inventory:

Hand Weapons
 a - a +2 dagger of electrocution (weapon)
 b - a +2 orcbow of flaming
 L - a +2 scimitar of flaming
 Q - a +1 dagger of speed
Missiles
 e - 5 javelins
 r - 2 throwing nets
 u - 9 boomerangs (quivered)
 V - 2 atropa-tipped darts
 X - 5 darts of dispersal
Armour
 c - a +0 helmet (worn)
 d - a +3 ring mail of poison resistance (worn)
 i - +0 gold dragon scales
 k - +1 steam dragon scales
 p - a scarf of resistance (worn)
 I - a +3 leather armour of fire resistance
 N - a +0 pair of boots (worn)
Jewellery
 s - a ring of resist corrosion
 t - an amulet of reflection (around neck)
 v - a ring of willpower (left hand)
 x - a +6 ring of intelligence
 P - a ring of protection from fire (right hand)
 S - a ring of flight
 T - a ring of protection from fire
Wands
 B - a wand of charming (12)
 D - a wand of iceblast (12)
 G - a wand of quicksilver (15)
 R - a wand of flame (37)
Scrolls
 f - 2 scrolls of enchant armour
 g - a scroll of vulnerability
 y - a scroll of revelation
 A - 2 scrolls of blinking
 H - 2 scrolls of teleportation
 J - a scroll of noise {unknown}
 M - a scroll of brand weapon {unknown}
 O - a scroll of poison {unknown}
 U - a scroll of immolation
 Y - a scroll of torment {unknown}
 Z - a scroll of fog {unknown}
Potions
 h - a potion of ambrosia
 j - 5 potions of heal wounds
 l - 3 potions of enlightenment
 q - 3 potions of brilliance
 w - 2 potions of resistance {unknown}
 z - a potion of magic {unknown}
 C - 5 potions of curing
 E - 3 potions of might {unknown}
 F - a potion of lignification {unknown}
 K - a potion of haste {unknown}


   Skills:
 + Level 8.1 Fighting
 * Level 11.2 Short Blades
 - Level 1.7 Throwing
 - Level 5.0 Armour
 - Level 7.0 Dodging
 - Level 5.0 Stealth
 - Level 5.0 Evocations


You had 10 spell levels left.
You didn't know any spells.
Your spell library contained the following spells:

 Spells                   Type           Power      Damage    Failure   Level
 Call Canine Familiar     Summ           0%         N/A       91%         3
 Sigil of Binding         Hex            0%         N/A       91%         3
 Dimensional Bullseye     Hex/Tloc       0%         N/A       100%        4
 Leda's Liquefaction      Hex/Erth       0%         N/A       100%        4
 Vhi's Electric Charge    Tloc/Air       0%         N/A       100%        4
 Arcjolt                  Conj/Air       0%         1d10      100%        5
 Plasma Beam              Fire/Air       0%         2x1d10    100%        6


Dungeon Overview and Level Annotations

Branches:
Dungeon (10/15)            Temple (1/1) D:5            Lair (0/5) D:9
  Sewer (visited)
    Orc: D:9-12

Altars:
Ashenzari
Cheibriados
Dithmenos
Fedhas
Gozag
Hepliaklqana
Kikubaaqudgha
Makhleb
Nemelex Xobeh
Okawaru
Qazlal
Ru
Sif Muna
Trog
Uskayaw
Vehumet
Wu Jian
Xom
Yredelemnul

Shops:
D:4 *

Annotations:
D:10 Snorg


Innate Abilities, Weirdness & Mutations

Your demonic aura sometimes causes spilled blood to erupt in flames.
You are completely covered in razor-sharp scales. (AC +3, Slay +3)
You have a small tail.


Message History

The two-headed ogre is almost dead.
The two-headed ogre is engulfed in blazing flames.
The two-headed ogre hits you with a +0 giant club!
The two-headed ogre closely misses you.
You puncture the two-headed ogre!
You kill the two-headed ogre!
Snorg rages.
Your Fighting skill increases to level 8!
You hit Snorg.
Your tail-slap misses Snorg.
Snorg is lightly wounded.
Snorg is engulfed in blazing flames.
Snorg bites you! Snorg closely misses you. Snorg misses you.
You puncture Snorg!
Snorg is lightly wounded.
You hit Snorg.
Snorg is lightly wounded.
Snorg is engulfed in blazing flames.
Snorg bites you but does no damage. Snorg claws you but does no damage.
Snorg claws you.
You completely miss Snorg.
Snorg is lightly wounded.
Snorg is engulfed in blazing flames.
Snorg bites you. Snorg claws you but does no damage. Snorg barely misses you.
You hit Snorg.
Snorg is moderately wounded.
You hit Snorg.
Snorg is moderately wounded.
Snorg bites you!
* * * LOW HITPOINT WARNING * * *
Snorg claws you.
* * * LOW HITPOINT WARNING * * *
Snorg completely misses you.
You feel much better. Snorg bites you. Snorg claws you!
* * * LOW HITPOINT WARNING * * *
Snorg claws you.
* * * LOW HITPOINT WARNING * * *
Snorg bites you!!
* * * LOW HITPOINT WARNING * * *
Snorg claws you!
You die...
Your body crumbles into a pile of gold.

#.....).......#.###
#.....).......#...#
..######.#.........# #.
#.#.≈≈≈≈≈≈..# # #.
#.#.≈≈##≈≈..###.#
##..####.#.≈####≈......#
...........≈####≈...####
#####.####.≈≈##≈≈...##
#..@To[≈≈≈≈≈≈.#..#
#####.........#..#
....###.####".#
...o..##).# #).#
...o....##.#####..#
..................#
........########.>###
$.......# #..........
#..........


You could see Snorg (berserk) and an orc warrior.

Vanquished Creatures
  3 two-headed ogres
  A tengu warrior (D:9)
  Pikel (D:6)
  Joseph (D:8)
  An efreet (D:9)
  A troll (D:9)
  A hornet (D:9)
  A shadow (D:9)
  4 wyverns
  12 yaks (D:9)
  Eustachio (D:5)
  A steam dragon (D:9)
  A vampire mosquito (D:9)
  2 water moccasins
  Duvessa (D:5)
  An orc warrior (D:9)
  4 ice beasts
  A black bear (D:7)
  3 centaurs
  A lemure (D:6)
  2 phantoms
  5 kobold brigands
  6 bullfrogs
  2 gnoll sergeants (D:9)
  4 scorpions
  13 wights
  4 killer bees (D:7)
  An electric eel (D:10)
  4 orc priests
  3 jellies
  2 gnoll boudas (D:6)
  7 iguanas
  11 orc wizards
  Terence (D:2)
  12 adders
  6 gnolls
  8 river rats
  3 shadow imps
  A white imp (D:7)
  An ufetubus (D:5)
  3 worms
  17 orcs
  8 endoplasms
  7 giant cockroaches
  4 goblins
  7 hobgoblins
  11 jackals
  A quokka (D:1)
  15 ball pythons
  6 bats
  4 frilled lizards
  25 kobolds
  24 rats
270 creatures vanquished.

Vanquished Creatures (collateral kills)
  A scorpion (D:5)
  Dowan (D:5)
  An iguana (D:5)
3 creatures vanquished.

Vanquished Creatures (others)
  2 yaks (D:9)
2 creatures vanquished.

Grand Total: 275 creatures vanquished

Notes
Turn   | Place    | Note
-------+----------+-------------------------------------------
     0 | D:1      | porpoise the Demonspawn Gladiator began the quest for the
                  | Orb.
     0 | D:1      | Reached XP level 1. HP: 16/16 MP: 1/1
    57 | D:1      | Reached skill level 3 in Short Blades
    76 | D:1      | Gained mutation: You are partially covered in razor-sharp
                  | scales. (AC +1, Slay +1) [demonic ancestry]
    76 | D:1      | Reached XP level 2. HP: 21/22 MP: 2/2
   231 | D:1      | Found a faded altar of an unknown god.
   500 | D:1      | Gained mutation: You are mostly covered in razor-sharp
                  | scales. (AC +2, Slay +2) [demonic ancestry]
   500 | D:1      | Reached XP level 3. HP: 28/28 MP: 3/3
  1006 | D:2      | Noticed Terence
  1127 | D:2      | Reached skill level 4 in Short Blades
  1127 | D:2      | Gained mutation: Your demonic aura sometimes causes spilled
                  | blood to erupt in flames. [demonic ancestry]
  1127 | D:2      | Reached XP level 4. HP: 35/35 MP: 4/4
  1407 | D:2      | Killed Terence
  1838 | D:2      | Reached XP level 5. HP: 18/35 MP: 5/5
  2497 | D:3      | Noticed a phantom
  2507 | D:3      | Killed a phantom
  2508 | D:3      | Reached skill level 5 in Short Blades
  3348 | D:4      | Reached XP level 6. HP: 48/48 MP: 6/6
  3368 | D:4      | Found a glowing drain.
  3388 | Sewer    | Entered a sewer
  3860 | Sewer    | Reached skill level 6 in Short Blades
  3860 | Sewer    | Reached XP level 7. HP: 47/55 MP: 7/7
  4501 | D:4      | Found Muukku's Assorted Antiques.
  4504 | D:4      | Bought a curved bronze wand for 80 gold pieces
  4596 | D:4      | Reached skill level 5 in Fighting
  4927 | D:4      | Reached skill level 7 in Short Blades
  4927 | D:4      | Reached skill level 1 in Stealth
  5272 | D:5      | Entered Level 5 of the Dungeon
  5323 | D:5      | Noticed Eustachio
  5330 | D:5      | Noticed Duvessa
  5331 | D:5      | Killed Eustachio
  5332 | D:5      | Reached XP level 8. HP: 57/63 MP: 8/8
  5336 | D:5      | Noticed Dowan
  5340 | D:5      | Killed Dowan
  5365 | D:5      | Killed Duvessa
  5762 | D:5      | Reached skill level 8 in Short Blades
  5916 | D:5      | Found a staircase to the Ecumenical Temple.
  5938 | Temple   | Entered the Ecumenical Temple
  5945 | Temple   | Became a worshipper of Gozag Ym Sagoz the Greedy
  6329 | D:6      | Noticed Pikel
  6354 | D:6      | Killed Pikel
  6355 | D:6      | Gained mutation: You are completely covered in razor-sharp
                  | scales. (AC +3, Slay +3) [demonic ancestry]
  6355 | D:6      | Reached XP level 9. HP: 54/71 MP: 9/9
  6391 | D:6      | Reached skill level 9 in Short Blades
  7349 | D:7      | Reached skill level 5 in Stealth
  7516 | D:7      | Reached skill level 10 in Short Blades
  7581 | D:7      | Reached skill level 1 in Evocations
  7590 | D:7      | Reached skill level 1 in Armour
  7945 | D:7      | Found a basalt altar of Yredelemnul.
  8328 | D:7      | Reached XP level 10. HP: 75/79 MP: 10/10
  9048 | D:8      | Noticed Joseph
  9076 | D:8      | Killed Joseph
 10015 | D:9      | Reached skill level 5 in Dodging
 10230 | D:9      | Found a staircase to the Lair.
 10526 | D:9      | Reached skill level 5 in Evocations
 10534 | D:9      | Reached skill level 5 in Armour
 10638 | D:9      | Noticed a tengu warrior
 10730 | D:9      | Noticed a two-headed ogre
 10744 | D:9      | Killed a two-headed ogre
 10745 | D:9      | Gained mutation: You have a small tail. [demonic ancestry]
 10745 | D:9      | Reached XP level 11. HP: 51/84 MP: 11/11
 11099 | D:9      | Noticed a two-headed ogre
 11112 | D:9      | Killed a two-headed ogre
 11157 | D:9      | Killed a tengu warrior
 11587 | D:9      | Reached skill level 11 in Short Blades
 11803 | D:10     | Entered Level 10 of the Dungeon
 11882 | D:10     | Noticed a two-headed ogre
 11883 | D:10     | Noticed Snorg
 11897 | D:10     | Killed a two-headed ogre
 11904 | D:10     | HP: 1/86 [Snorg (20)]
 11904 | D:10     | Demolished by Snorg

Illustrated notes

Levels and vault maps discovered:
D:1:      wander_arrival_estate, layout_basic,
          shapermc_ecumenical_altar_mp_ritualfount, minmay_worlds_worst_comb
D:2:      layout_basic, minivault_23, grunt_ministairs_9,
          minmay_misc_feat_secret_circle, uniq_terence
D:3:      layout_basic
D:4:      layout_loops_ring, serial_shops, nicolae_shop_tiny_real_fake_doors,
          portal_sewer_entry_b, kennysheep_orc_chapel
D:5:      layout_basic, minmay_temple_entry_waves,
          minmay_a_box_with_orc_wizards_in_it, uniq_eustachio, uniq_duvessa
D:6:      layout_loops_ring, minivault_25, nicolae_grassy_gnolls, uniq_pikel
D:7:      minmay_evil_eye, layout_layer_cave, kennysheep_little_box,
          kennysheep_decorative_pillar
D:8:      layout_basic, uniq_joseph
D:9:      minmay_slanted_spiral_squares, layout_long_grid, dpeg_oklobed_lair,
          corexii_leaking_fountain
D:10:     nicolae_moon_pools, layout_basic, orc_david_3, serial_shops,
          nicolae_shop_back_alley_shop, uniq_snorg
Temple:   nicolae_temple_bog_church

Skill      XL: |  1  2  3  4  5  6  7  8  9 10 11 |
---------------+----------------------------------+-----
Short Blades   | 3 4 5 6 7 8 10 11 | 11.2
Fighting       | 3 4 5 6 7 8 |  8.1
Stealth        | 2 4 5 |  5.0
Dodging        | 4 7 |  7.0
Evocations     | 2 5 |  5.0
Armour         | 2 5 |  5.0
Throwing       | |  1.7

Action                     |  1- 3 |  4- 6 |  7- 9 | 10-12 || total
---------------------------+-------+-------+-------+-------++-------
  Melee: Rapier            |    74 |   158 |    18 |       ||   250
         Dagger            |       |       |   279 |   142 ||   421
         Punch             |       |       |     7 |     3 ||    10
         Tailslap          |       |       |       |    10 ||    10
   Fire: Sling             |    26 |   101 |   101 |       ||   228
         Orcbow            |       |       |    17 |   132 ||   149
  Throw: Throwing net      |       |       |     2 |     4 ||     6
         Boomerang         |       |       |     8 |     2 ||    10
         Javelin           |       |       |     1 |       ||     1
         Dart              |       |       |       |     3 ||     3
  Evoke: Wand              |       |       |     6 |     1 ||     7
    Use: Scroll            |       |     8 |     2 |     2 ||    12
         Potion            |       |       |       |     4 ||     4
   Stab: Sleeping          |     1 |       |     3 |       ||     4
         Held in net/web   |       |       |     2 |     1 ||     3
         Distracted        |       |       |     1 |       ||     1
 Armour: Leather armour    |    29 |       |       |       ||    29
         Steam dragon scal |     9 |   103 |   116 |    14 ||   242
         Ring mail         |       |       |       |    92 ||    92
  Dodge: Dodged            |    39 |   137 |   120 |    94 ||   390
  Block: Other             |       |    16 |    41 |    31 ||    88
         Reflection        |       |       |       |     2 ||     2

Table legend: (Time is in decaauts)
 A = Elapsed time spent in this place.
 B = Non-inter-level travel time spent in this place.
 C = Inter-level travel time spent in this place.
 D = Time resting spent in this place.
 E = Time spent auto-exploring this place.
 F = Levels seen in this place.
 G = Mean time per level.
                   A        B        C        D        E       F      G
               +--------+--------+--------+--------+--------+-----+--------+
         Total |  11831 |  11483 |    348 |   2521 |   6646 |  12 |  985.9 |
       Dungeon |  10815 |  10473 |    342 |   2185 |   6334 |  10 | 1081.5 |
        Temple |     15 |      9 |      6 |      0 |      0 |   1 |   15.0 |
         Sewer |   1001 |   1001 |      0 |    336 |    312 |   1 | 1001.0 |
               +--------+--------+--------+--------+--------+-----+--------+

Top non-repeatable levels by time:
     D:9: 1959 daAuts
     D:7: 1730 daAuts
     D:1: 1134 daAuts
     D:2: 1114 daAuts
     D:3: 1079 daAuts
     D:8: 1038 daAuts
   Sewer: 1001 daAuts
     D:4: 963 daAuts
     D:6: 904 daAuts
     D:5: 790 daAuts
    D:10: 99 daAuts
  Temple: 15 daAuts
